WCHLSIM.com - West Coast Hockey League
html PUBLIC "-//W3C//DTD XHTML 1.0 Transitional//EN" "http://www.w3.org/TR/xhtml1/DTD/xhtml1-transitional.dtd"> WCHL - Game 50 - SASKATOON DUCKS vs NORTH DAKOTA HAWKS

SASKATOON DUCKS vs NORTH DAKOTA HAWKS

Created - 6 mai 2023 at 23:11

Goals
1 2 3 OT1 T
SASKATOON DUCKS 0 2 1 1 4
NORTH DAKOTA HAWKS 0 2 1 0 3
Shots
1 2 3 OT1 T
SASKATOON DUCKS 14 18 13 3 48
NORTH DAKOTA HAWKS 10 6 7 3 26

1st period

No Goal

Penalties :
Cale Makar (NDH) for Tripping (Minor) at 2:32, Nazem Kadri (NDH) for Slashing (Minor) at 19:34

2nd period

1. SASKATOON DUCKS , Artemi Panarin 4 (Claude Giroux 6, Ryan McDonagh 1) at 1:04 (PP)
2. NORTH DAKOTA HAWKS , Jason Robertson 5 (Nazem Kadri 7, Patrick Kane 5) at 1:50
3. SASKATOON DUCKS , Claude Giroux 5 (Artemi Panarin 6, Ian Cole 1) at 9:41
4. NORTH DAKOTA HAWKS , Jason Robertson 6 (Ryan Lindgren 1, Patrick Kane 6) at 19:32

Penalties :
Nazem Kadri (NDH) for Holding (Minor) at 3:26, Reyley Smith (NDH) for High sticking (Minor) at 8:11, Ryan McDonagh (SAS) for Roughing (Minor) at 8:11

3rd period

5. NORTH DAKOTA HAWKS , Patrick Kane 4 (Jason Robertson 8) at 1:17
6. SASKATOON DUCKS , Artemi Panarin 5 (Bryan Rust 5) at 6:44

Penalties :
Ian Cole (SAS) for Holding (Minor) at 3:35

Overtime #1

7. SASKATOON DUCKS , Bryan Rust 3 (Artemi Panarin 7, Kevin Shattenkirk 2) at 6:52 (PP)

Penalties :
Erik Johnson (NDH) for Holding (Minor) at 5:44

Goalie Stats

Tristan Jarry (SAS), 23 saves from 26 shots - (0,885), W, 4-2-1, 66:53 minutes
Linus Ullmark (NDH), 44 saves from 48 shots - (0,917), OTL, 3-1-1, 66:53 minutes

Players Stats for SASKATOON DUCKS

Player Name              G  A  P  +/- PIM S  H  SB GA TA FO     MP     PP MP  PK MP  
------------------------------------------------------------------------------------
Anthony Duclair          0  0  0  -1  0   5  2  0  0  0  1/3    23:21   3:22   0:00 
Artemi Panarin           2  2  4   0  0   8  0  0  0  0  2/3    24:42   3:14   0:00 
Bryan Rust               1  1  2  -1  0   6  0  0  0  0  0/0    24:14   3:14   0:00 
Claude Giroux            1  1  2   0  0   3  0  1  0  0  21/38  24:42   3:14   0:00 
Ian Cole                 0  1  1   0  2   1  1  1  0  0  0/0    15:15   0:14   0:00 
Ivan Barbashev           0  0  0   0  0   0  3  1  0  0  0/0     7:12   0:00   0:00 
Jake Guentzel            0  0  0  -1  0   8  1  0  0  0  0/0    26:09   3:22   1:17 
Jake Sanderson           0  0  0   0  0   0  0  1  0  0  0/0    22:36   3:28   0:55 
Jonathan Drouin          0  0  0   0  0   2  0  0  0  0  1/2     7:12   0:00   0:00 
Kailer Yamamoto          0  0  0   0  0   2  1  0  0  0  0/0     8:50   0:00   0:42 
Kevin Shattenkirk        0  1  1   1  0   0  1  1  0  0  0/0    21:56   3:08   0:58 
Mathieu Joseph           0  0  0   0  0   1  1  0  0  0  0/0     8:08   0:00   0:00 
Pierre-Edouard Bellemare 0  0  0   0  0   3  0  0  0  0  10/18   9:03   0:00   0:55 
Roman Josi               0  0  0  -1  0   1  0  1  0  0  0/0    30:49   3:14   1:01 
Ryan McDonagh            0  1  1  -1  2   1  1  2  0  0  0/0    28:34   3:08   1:04 
Ryan Strome              0  0  0   0  0   2  0  0  0  0  4/7     7:12   0:00   0:00 
Samuel Girard            0  0  0  -1  0   1  0  1  0  0  0/0    14:34   0:00   0:00 
Sidney Crosby            0  0  0  -1  0   4  2  0  0  0  23/37  25:56   3:22   1:04 

Players Stats for NORTH DAKOTA HAWKS

Player Name              G  A  P  +/- PIM S  H  SB GA TA FO     MP     PP MP  PK MP  
------------------------------------------------------------------------------------
Alex Killorn             0  0  0   0  0   0  0  0  0  0  0/0    16:03   0:00   0:00 
Cale Makar               0  0  0   0  2   2  3  0  0  0  0/0    24:59   1:13   0:00 
Colton Parayko           0  0  0   2  0   0  4  3  0  0  0/0    23:34   0:46   2:36 
Dillon Dube              0  0  0  -1  0   0  0  0  0  0  0/1     5:51   0:00   1:28 
Erik Johnson             0  0  0  -1  2   0  1  1  0  0  0/0    17:39   0:00   3:21 
Frank Vatrano            0  0  0  -1  0   0  0  0  0  0  0/0     4:44   0:00   0:21 
Jack Hughes              0  0  0   0  0   1  0  0  0  0  6/21   17:16   1:13   0:00 
Jake DeBrusk             0  0  0   0  0   1  1  0  0  0  1/1    17:30   0:46   0:00 
Jason Robertson          2  1  3   2  0   6  1  0  0  0  0/1    22:21   1:13   0:00 
Jordan Kyrou             0  0  0   0  0   1  0  0  0  0  1/1    16:49   0:46   0:00 
Marc Staal               0  0  0  -1  0   1  0  0  0  0  0/0    14:58   0:00   0:39 
Nazem Kadri              0  1  1   2  4   4  2  0  0  0  15/33  22:19   1:13   0:00 
Nic Dowd                 0  0  0  -1  0   0  1  0  0  0  5/9     5:30   0:00   1:07 
Nick Holden              0  0  0   2  0   0  0  0  0  0  0/0    22:48   0:00   2:36 
Nick Suzuki              0  0  0   0  0   2  3  0  0  0  18/38  22:38   0:46   5:08 
Patrick Kane             1  2  3   3  0   4  0  0  0  0  0/1    21:35   1:13   0:00 
Reyley Smith             0  0  0   0  2   4  1  0  0  0  0/2    21:24   0:46   5:08 
Ryan Lindgren            0  1  1   0  0   0  4  2  0  0  0/0    27:47   0:00   4:00 

3 Stars

1 - Artemi Panarin (SAS)
2 - Jason Robertson (NDH)
3 - Patrick Kane (NDH)

Power Play

SASKATOON DUCKS - 2 on 4 Attempt(s) - 50,00%
NORTH DAKOTA HAWKS - 0 on 1 Attempt(s) - 0,00%

Penalty Kill

SASKATOON DUCKS - 1 on 1 Attempt(s) - 100,00% - Score 0 goal in Penalty Kill
NORTH DAKOTA HAWKS - 2 on 4 Attempt(s) - 50,00% - Score 0 goal in Penalty Kill

Team Stat

SASKATOON DUCKS - Hits : 13 - Faceoff Wins : 62 - Blocked Shots : 9 - Penalty Minutes : 4
NORTH DAKOTA HAWKS - Hits : 21 - Faceoff Wins : 46 - Blocked Shots : 6 - Penalty Minutes : 10

Official

Referees : Mitch Dunning and Chris Schlenker
Linesman : Luke Galvin and Jaime Alary

Game Notes

No Game Note

Finance

Level 1 -- Attendance: 6000 (100,00%) -- Ticket Income 960 000 $
Level 2 -- Attendance: 5000 (100,00%) -- Ticket Income 550 000 $
Level 3 -- Attendance: 2000 (100,00%) -- Ticket Income 180 000 $
Level 4 -- Attendance: 4000 (100,00%) -- Ticket Income 240 000 $
Luxury Box -- Attendance: 1000 (100,00%) -- Ticket Income 295 000 $
Total Attendance: 18000 (100,00%)
Total Ticket Income: 2 225 000 $
Other Expense: 22 250 $
Total Income: 2 202 750 $

SASKATOON DUCKS

5 vs 5 Forward 
   Center                   Left Wing                Right Wing               Time % Phy DF OF 
 1 Sidney Crosby            Anthony Duclair          Jake Guentzel            40     1   2  2  
 2 Claude Giroux            Artemi Panarin           Bryan Rust               40     1   2  2  
 3 Ryan Strome              Jonathan Drouin          Ivan Barbashev           10     1   2  2  
 4 Pierre-Edouard Bellemare Mathieu Joseph           Kailer Yamamoto          10     1   2  2  

5 vs 5 Defense 
   Defense                  Defense                                           Time % Phy DF OF 
 1 Ryan McDonagh            Roman Josi                                        50     1   2  2  
 2 Jake Sanderson           Kevin Shattenkirk                                 30     1   2  2  
 3 Ian Cole                 Samuel Girard                                     20     1   2  2  
 4 Roman Josi               Kevin Shattenkirk                                 0      1   2  2  

PowerPlay Forward 
   Center                   Left Wing                Right Wing               Time % Phy DF OF 
 1 Sidney Crosby            Jake Guentzel            Anthony Duclair          55     1   1  3  
 2 Claude Giroux            Artemi Panarin           Bryan Rust               45     1   1  3  

PowerPlay Defense
   Defense                  Defense                                           Time % Phy DF OF 
 1 Jake Sanderson           Roman Josi                                        55     1   1  3  
 2 Ryan McDonagh            Kevin Shattenkirk                                 45     1   1  3  

Penalty Kill 4 Players Forward 
   Center                   Wing                     Time % Phy DF OF 
 1 Pierre-Edouard Bellemare Jake Guentzel            55     1   2  2  
 2 Sidney Crosby            Kailer Yamamoto          45     1   2  2  

Penalty Kill 4 Players Defense
   Defense                  Defense                  Time % Phy DF OF 
 1 Ryan McDonagh            Ian Cole                 55     1   2  2  
 2 Jake Sanderson           Kevin Shattenkirk        45     1   2  2  

Penalty Kill - 3 Players Forward 
   Forward                                           Time % Phy DF OF 
 1 Pierre-Edouard Bellemare                          55     1   2  2  
 2 Claude Giroux                                     45     1   2  2  

Penalty Kill - 3 Players Defense
   Defense                  Defense                  Time % Phy DF OF 
 1 Ryan McDonagh            Jake Sanderson           55     1   2  2  
 2 Ian Cole                 Kevin Shattenkirk        45     1   2  2  

4 vs 4 Forward 
   Center                   Wing                     Time % Phy DF OF 
 1 Sidney Crosby            Jake Guentzel            55     1   2  2  
 2 Claude Giroux            Artemi Panarin           45     1   2  2  

4 vs 4 Defense
   Defense                  Defense                  Time % Phy DF OF 
 1 Ryan McDonagh            Roman Josi               55     1   2  2  
 2 Kevin Shattenkirk        Ian Cole                 45     1   2  2  

Last Minutes Offensive
   Center                   Left Wing                Right Wing               Defense                  Defense                  
   Sidney Crosby            Claude Giroux            Jake Guentzel            Artemi Panarin           Roman Josi               

Last Minutes Defensive
   Center                   Left Wing                Right Wing               Defense                  Defense                  
   Sidney Crosby            Claude Giroux            Jake Guentzel            Ryan McDonagh            Roman Josi               

Goaltenders
Starting : Tristan Jarry            
Backup : Karel Vejmelka           

Extra Forwards
Normal : Sidney Crosby, Artemi Panarin, Jake Guentzel - PP : Bryan Rust, Artemi Panarin - PK : Jake Guentzel
Extra Defensemen
Normal : Jake Sanderson, Roman Josi, Ryan McDonagh - PP : Ian Cole - PK : Roman Josi, Kevin Shattenkirk
Penalty Shots
Jake Guentzel, Artemi Panarin, Bryan Rust, Claude Giroux, Ryan Strome
Custom OT Lines Forwards
Claude Giroux, Jake Guentzel, Pierre-Edouard Bellemare, Artemi Panarin, Sidney Crosby, Bryan Rust, Ryan Strome, Anthony Duclair, Jonathan Drouin, Kailer Yamamoto
Custom OT Lines Defensemen
Jake Sanderson, Ryan McDonagh, Ian Cole, Roman Josi, Samuel Girard

Scratches
Derick Brassard (Healthy), Adam Erne (Healthy), Milan Lucic (Healthy), Jaycob Megna (Healthy)

NORTH DAKOTA HAWKS

5 vs 5 Forward 
   Center                   Left Wing                Right Wing               Time % Phy DF OF 
 1 Nazem Kadri              Jason Robertson          Patrick Kane             36     0   2  3  
 2 Nick Suzuki              Jake DeBrusk             Reyley Smith             27     0   2  3  
 3 Jack Hughes              Alex Killorn             Jordan Kyrou             27     0   3  2  
 4 Nic Dowd                 Dillon Dube              Frank Vatrano            10     1   3  1  

5 vs 5 Defense 
   Defense                  Defense                                           Time % Phy DF OF 
 1 Ryan Lindgren            Cale Makar                                        42     0   3  2  
 2 Nick Holden              Colton Parayko                                    30     0   4  1  
 3 Marc Staal               Erik Johnson                                      15     0   5  0  
 4 Marc Staal               Erik Johnson                                      13     0   5  0  

PowerPlay Forward 
   Center                   Left Wing                Right Wing               Time % Phy DF OF 
 1 Nazem Kadri              Jason Robertson          Patrick Kane             65     0   0  5  
 2 Nick Suzuki              Jake DeBrusk             Reyley Smith             35     0   0  5  

PowerPlay Defense
   Defense                  Defense                                           Time % Phy DF OF 
 1 Cale Makar               Jack Hughes                                       65     0   0  5  
 2 Colton Parayko           Jordan Kyrou                                      35     0   0  5  

Penalty Kill 4 Players Forward 
   Center                   Wing                     Time % Phy DF OF 
 1 Nick Suzuki              Reyley Smith             65     0   5  0  
 2 Nic Dowd                 Dillon Dube              35     0   5  0  

Penalty Kill 4 Players Defense
   Defense                  Defense                  Time % Phy DF OF 
 1 Ryan Lindgren            Erik Johnson             65     0   5  0  
 2 Nick Holden              Colton Parayko           35     0   5  0  

Penalty Kill - 3 Players Forward 
   Forward                                           Time % Phy DF OF 
 1 Nick Suzuki                                       65     0   5  0  
 2 Nic Dowd                                          35     0   5  0  

Penalty Kill - 3 Players Defense
   Defense                  Defense                  Time % Phy DF OF 
 1 Ryan Lindgren            Erik Johnson             65     0   5  0  
 2 Nick Holden              Colton Parayko           35     0   5  0  

4 vs 4 Forward 
   Center                   Wing                     Time % Phy DF OF 
 1 Nazem Kadri              Jason Robertson          55     0   2  3  
 2 Nick Suzuki              Jake DeBrusk             45     0   2  3  

4 vs 4 Defense
   Defense                  Defense                  Time % Phy DF OF 
 1 Ryan Lindgren            Cale Makar               55     0   2  3  
 2 Nick Holden              Colton Parayko           45     0   2  3  

Last Minutes Offensive
   Center                   Left Wing                Right Wing               Defense                  Defense                  
   Nazem Kadri              Jason Robertson          Patrick Kane             Jack Hughes              Cale Makar               

Last Minutes Defensive
   Center                   Left Wing                Right Wing               Defense                  Defense                  
   Nic Dowd                 Alex Killorn             Reyley Smith             Marc Staal               Colton Parayko           

Goaltenders
Starting : Linus Ullmark            
Backup : Pavel Francouz           

Extra Forwards
Normal : Dillon Dube, Frank Vatrano, Nic Dowd - PP : Alex Killorn, Dillon Dube - PK : Frank Vatrano
Extra Defensemen
Normal : Nick Holden, Erik Johnson, Marc Staal - PP : Erik Johnson - PK : Marc Staal, Cale Makar
Penalty Shots
Jason Robertson, Jake DeBrusk, Nazem Kadri, Patrick Kane, Jack Hughes
Custom OT Lines Forwards
Jason Robertson, Jake DeBrusk, Jordan Kyrou, Patrick Kane, Jack Hughes, Nick Suzuki, Alex Killorn, Reyley Smith, Dillon Dube, Frank Vatrano
Custom OT Lines Defensemen
Cale Makar, Colton Parayko, Erik Johnson, Ryan Lindgren, Marc Staal

Scratches
Ben Hutton (Healthy), Connor Clifton (Healthy), Garnet Hathaway (Healthy), Mathew Dumba (Unknown), Mike Smith (Healthy)

% Time on Ice - SASKATOON DUCKS

Lines # - Real PCT - Wanted PCT - Time Play
Normal Forward
1 - 35% - 40% - 19:59
2 - 37% - 40% - 21:00
3 - 13% - 10% - 7:12
4 - 14% - 10% - 8:08
Normal Defense
1 - 43% - 50% - 24:23
2 - 30% - 30% - 16:42
3 - 26% - 20% - 14:34
4 - 1% - 0% - 0:40
PP Forward
1 - 51% - 55% - 3:22
2 - 49% - 45% - 3:14
PP Defense
1 - 53% - 55% - 3:28
2 - 47% - 45% - 3:08
PK Forward
1 - 65% - 55% - 1:17
2 - 35% - 45% - 0:42
PK Defense
1 - 54% - 55% - 1:04
2 - 46% - 45% - 0:55
PK3 Forward
1 - 0% - 55%
2 - 0% - 45%
PK3 Defense
1 - 0% - 55%
2 - 0% - 45%
44 Forward
1 - 76% - 55% - 1:31
2 - 24% - 45% - 0:28
44 Defense
1 - 76% - 55% - 1:31
2 - 24% - 45% - 0:28
Last Minute Offensive  - 0:00
Last Minute Defensive  - 0:00
Total
Forward - 66:53
Defense - 66:53

% Time on Ice - NORTH DAKOTA HAWKS

Lines # - Real PCT - Wanted PCT - Time Play
Normal Forward
1 - 36% - 36% - 20:22
2 - 28% - 27% - 15:31
3 - 28% - 27% - 16:03
4 - 8% - 10% - 4:23
Normal Defense
1 - 41% - 42% - 23:10
2 - 33% - 30% - 18:50
3 - 14% - 15% - 7:44
4 - 12% - 13% - 6:35
PP Forward
1 - 61% - 65% - 1:13
2 - 39% - 35% - 0:46
PP Defense
1 - 61% - 65% - 1:13
2 - 39% - 35% - 0:46
PK Forward
1 - 83% - 65% - 5:29
2 - 17% - 35% - 1:07
PK Defense
1 - 61% - 65% - 4:00
2 - 39% - 35% - 2:36
PK3 Forward
1 - 0% - 65%
2 - 0% - 35%
PK3 Defense
1 - 0% - 65%
2 - 0% - 35%
44 Forward
1 - 39% - 55% - 0:46
2 - 61% - 45% - 1:13
44 Defense
1 - 31% - 55% - 0:37
2 - 69% - 45% - 1:22
Last Minute Offensive  - 0:00
Last Minute Defensive  - 0:00
Total
Forward - 66:53
Defense - 66:53

Play-by-Play

1st period


0:01 of 1st period - Sidney Crosby wins face-off versus Nazem Kadri in neutral zone.
0:13 of 1st period - Patrick Kane is hit by Sidney Crosby and loses puck.
0:28 of 1st period - Shot by Patrick Kane.
0:28 of 1st period - Shot Blocked by Roman Josi.
0:30 of 1st period - Shot by Jason Robertson.
0:30 of 1st period - Shot Blocked by Ryan McDonagh.
0:32 of 1st period - Shot by Nazem Kadri.
0:32 of 1st period - Stopped by Tristan Jarry with a rebound.
0:34 of 1st period - Shot by Nazem Kadri.
0:34 of 1st period - Stopped by Tristan Jarry without a rebound.
0:35 of 1st period - Claude Giroux wins face-off versus Nick Suzuki in SASKATOON DUCKS zone.
0:37 of 1st period - Icing by Bryan Rust.
0:38 of 1st period - Claude Giroux wins face-off versus Jack Hughes in SASKATOON DUCKS zone.
0:51 of 1st period - Shot by Artemi Panarin.
0:51 of 1st period - Stopped by Linus Ullmark without a rebound.
0:52 of 1st period - Ryan Strome wins face-off versus Nick Suzuki in NORTH DAKOTA HAWKS zone.
0:55 of 1st period - Shot by Jonathan Drouin.
0:55 of 1st period - Shot Misses the Net.
1:06 of 1st period - Shot by Samuel Girard.
1:06 of 1st period - Shot Misses the Net.
1:08 of 1st period - Shot by Samuel Girard.
1:08 of 1st period - Stopped by Linus Ullmark without a rebound.
1:09 of 1st period - Claude Giroux wins face-off versus Dillon Dube in NORTH DAKOTA HAWKS zone.
1:12 of 1st period - Shot by Artemi Panarin.
1:12 of 1st period - Stopped by Linus Ullmark without a rebound.
1:13 of 1st period - Claude Giroux wins face-off versus Jack Hughes in NORTH DAKOTA HAWKS zone.
1:47 of 1st period - Shot by Bryan Rust.
1:47 of 1st period - Shot Misses the Net.
2:29 of 1st period - Jake Guentzel is hit by Cale Makar and loses puck.
2:32 of 1st period - Shot by Anthony Duclair.
2:32 of 1st period - Stopped by Linus Ullmark without a rebound.
2:32 of 1st period - Minor Penalty to Cale Makar for Tripping.
2:33 of 1st period - Nick Suzuki wins face-off versus Sidney Crosby in NORTH DAKOTA HAWKS zone.
2:39 of 1st period - Icing by Sidney Crosby.
2:40 of 1st period - Sidney Crosby wins face-off versus Nick Suzuki in SASKATOON DUCKS zone.
2:46 of 1st period - Off-side.
2:47 of 1st period - Sidney Crosby wins face-off versus Nick Suzuki in neutral zone.
3:14 of 1st period - Shot by Jake Guentzel.
3:14 of 1st period - Shot Misses the Net.
3:44 of 1st period - Shot by Artemi Panarin.
3:44 of 1st period - Stopped by Linus Ullmark without a rebound.
3:45 of 1st period - Claude Giroux wins face-off versus Nick Suzuki in NORTH DAKOTA HAWKS zone.
4:35 of 1st period - Shot by Pierre-Edouard Bellemare.
4:35 of 1st period - Stopped by Linus Ullmark without a rebound.
4:36 of 1st period - Nazem Kadri wins face-off versus Sidney Crosby in NORTH DAKOTA HAWKS zone.
4:40 of 1st period - Off-side.
4:41 of 1st period - Sidney Crosby wins face-off versus Nazem Kadri in neutral zone.
4:43 of 1st period - Off-side.
4:44 of 1st period - Nazem Kadri wins face-off versus Sidney Crosby in neutral zone.
5:02 of 1st period - Shot by Jake Guentzel.
5:02 of 1st period - Stopped by Linus Ullmark without a rebound.
5:03 of 1st period - Nick Suzuki wins face-off versus Claude Giroux in NORTH DAKOTA HAWKS zone.
5:33 of 1st period - Icing by Nick Suzuki.
5:34 of 1st period - Nick Suzuki wins face-off versus Sidney Crosby in NORTH DAKOTA HAWKS zone.
5:55 of 1st period - Shot by Nick Suzuki.
5:55 of 1st period - Stopped by Tristan Jarry without a rebound.
5:56 of 1st period - Pierre-Edouard Bellemare wins face-off versus Nazem Kadri in SASKATOON DUCKS zone.
6:12 of 1st period - Shot by Nazem Kadri.
6:12 of 1st period - Shot Blocked by Kevin Shattenkirk.
6:38 of 1st period - Shot by Patrick Kane.
6:38 of 1st period - Stopped by Tristan Jarry without a rebound.
6:39 of 1st period - Sidney Crosby wins face-off versus Jack Hughes in SASKATOON DUCKS zone.
6:46 of 1st period - Shot by Jake Guentzel.
6:46 of 1st period - Shot Misses the Net.
7:14 of 1st period - Shot by Roman Josi.
7:14 of 1st period - Shot Misses the Net.
7:16 of 1st period - Shot by Sidney Crosby.
7:16 of 1st period - Shot Misses the Net.
7:25 of 1st period - Shot by Anthony Duclair.
7:25 of 1st period - Deflect By Jake Guentzel.
7:25 of 1st period - Stopped by Linus Ullmark without a rebound.
7:26 of 1st period - Claude Giroux wins face-off versus Nazem Kadri in NORTH DAKOTA HAWKS zone.
7:27 of 1st period - Shot by Bryan Rust.
7:27 of 1st period - Stopped by Linus Ullmark without a rebound.
7:28 of 1st period - Claude Giroux wins face-off versus Nazem Kadri in NORTH DAKOTA HAWKS zone.
7:28 of 1st period - Bryan Rust is hit by Ryan Lindgren and loses puck.
7:53 of 1st period - Shot by Jason Robertson.
7:53 of 1st period - Stopped by Tristan Jarry without a rebound.
7:54 of 1st period - Jonathan Drouin wins face-off versus Nic Dowd in SASKATOON DUCKS zone.
8:01 of 1st period - Dillon Dube is hit by Ivan Barbashev and loses puck.
9:09 of 1st period - Off-side.
9:10 of 1st period - Nick Suzuki wins face-off versus Claude Giroux in neutral zone.
9:20 of 1st period - Off-side.
9:21 of 1st period - Nazem Kadri wins face-off versus Sidney Crosby in neutral zone.
9:34 of 1st period - Shot by Jason Robertson.
9:34 of 1st period - Stopped by Tristan Jarry without a rebound.
9:35 of 1st period - Nick Suzuki wins face-off versus Claude Giroux in SASKATOON DUCKS zone.
9:53 of 1st period - Shot by Reyley Smith.
9:53 of 1st period - Stopped by Tristan Jarry with a rebound.
10:01 of 1st period - Shot by Bryan Rust.
10:01 of 1st period - Stopped by Linus Ullmark without a rebound.
10:02 of 1st period - Sidney Crosby wins face-off versus Nazem Kadri in NORTH DAKOTA HAWKS zone.
10:05 of 1st period - Shot by Anthony Duclair.
10:05 of 1st period - Stopped by Linus Ullmark without a rebound.
10:06 of 1st period - Sidney Crosby wins face-off versus Nazem Kadri in NORTH DAKOTA HAWKS zone.
10:12 of 1st period - Shot by Anthony Duclair.
10:12 of 1st period - Shot Misses the Net.
11:48 of 1st period - Shot by Artemi Panarin.
11:48 of 1st period - Shot Blocked by Colton Parayko.
11:50 of 1st period - Shot by Ryan McDonagh.
11:50 of 1st period - Stopped by Linus Ullmark with a rebound.
11:52 of 1st period - Shot by Bryan Rust.
11:52 of 1st period - Shot Misses the Net.
12:52 of 1st period - Icing by Erik Johnson.
12:53 of 1st period - Ryan Strome wins face-off versus Nick Suzuki in NORTH DAKOTA HAWKS zone.
13:00 of 1st period - Shot by Ivan Barbashev.
13:00 of 1st period - Shot Misses the Net.
15:24 of 1st period - Off-side.
15:25 of 1st period - Pierre-Edouard Bellemare wins face-off versus Jack Hughes in neutral zone.
15:27 of 1st period - Mathieu Joseph is hit by Colton Parayko and loses puck.
16:22 of 1st period - Shot by Reyley Smith.
16:22 of 1st period - Shot Misses the Net.
16:30 of 1st period - Shot by Reyley Smith.
16:30 of 1st period - Shot Blocked by Ian Cole.
16:40 of 1st period - Shot by Nick Suzuki.
16:40 of 1st period - Deflect By Reyley Smith.
16:40 of 1st period - Stopped by Tristan Jarry without a rebound.
16:41 of 1st period - Sidney Crosby wins face-off versus Nic Dowd in SASKATOON DUCKS zone.
16:41 of 1st period - Sidney Crosby is hit by Nic Dowd.
16:53 of 1st period - Shot by Jake Guentzel.
16:53 of 1st period - Stopped by Linus Ullmark without a rebound.
16:54 of 1st period - Ryan Strome wins face-off versus Nick Suzuki in NORTH DAKOTA HAWKS zone.
17:18 of 1st period - Icing by Ryan Lindgren.
17:19 of 1st period - Nick Suzuki wins face-off versus Sidney Crosby in NORTH DAKOTA HAWKS zone.
17:32 of 1st period - Shot by Nick Suzuki.
17:32 of 1st period - Deflect By Jake DeBrusk.
17:32 of 1st period - Shot Misses the Net.
17:34 of 1st period - Shot by Reyley Smith.
17:34 of 1st period - Shot Misses the Net.
17:36 of 1st period - Shot by Nick Suzuki.
17:36 of 1st period - Deflect By Jake DeBrusk.
17:36 of 1st period - Stopped by Tristan Jarry without a rebound.
17:37 of 1st period - Nazem Kadri wins face-off versus Claude Giroux in SASKATOON DUCKS zone.
17:44 of 1st period - Shot by Patrick Kane.
17:44 of 1st period - Shot Blocked by Ryan McDonagh.
17:59 of 1st period - Off-side.
18:00 of 1st period - Anthony Duclair wins face-off versus Jack Hughes in neutral zone.
18:02 of 1st period - Jake Guentzel is hit by Colton Parayko and loses puck.
18:14 of 1st period - Jake Guentzel is hit by Colton Parayko and loses puck.
18:35 of 1st period - Shot by Jake Guentzel.
18:35 of 1st period - Deflect By Anthony Duclair.
18:35 of 1st period - Shot Blocked by Colton Parayko.
19:00 of 1st period - Icing by Colton Parayko.
19:01 of 1st period - Claude Giroux wins face-off versus Jack Hughes in NORTH DAKOTA HAWKS zone.
19:17 of 1st period - Icing by Ryan McDonagh.
19:18 of 1st period - Nazem Kadri wins face-off versus Claude Giroux in SASKATOON DUCKS zone.
19:23 of 1st period - Shot by Jason Robertson.
19:23 of 1st period - Shot Misses the Net.
19:25 of 1st period - Shot by Nazem Kadri.
19:25 of 1st period - Shot Misses the Net.
19:27 of 1st period - Shot by Nazem Kadri.
19:27 of 1st period - Deflect By Jason Robertson.
19:27 of 1st period - Stopped by Tristan Jarry without a rebound.
19:28 of 1st period - Pierre-Edouard Bellemare wins face-off versus Jason Robertson in SASKATOON DUCKS zone.
19:28 of 1st period - Kailer Yamamoto is hit by Nazem Kadri and loses puck.
19:34 of 1st period - Minor Penalty to Nazem Kadri for Slashing.
19:35 of 1st period - Sidney Crosby wins face-off versus Nick Suzuki in NORTH DAKOTA HAWKS zone.
19:36 of 1st period - Shot by Jake Guentzel.
19:36 of 1st period - Stopped by Linus Ullmark without a rebound.
19:37 of 1st period - Sidney Crosby wins face-off versus Nick Suzuki in NORTH DAKOTA HAWKS zone.
Goals for this period are 0 for SASKATOON DUCKS vs 0 for NORTH DAKOTA HAWKS.
Shots for this period are 14 for SASKATOON DUCKS vs 10 for NORTH DAKOTA HAWKS.

2nd period


0:01 of 2nd period - Sidney Crosby wins face-off versus Nick Suzuki in neutral zone.
0:04 of 2nd period - Erik Johnson is hit by Sidney Crosby and loses puck.
0:13 of 2nd period - Shot by Roman Josi.
0:13 of 2nd period - Shot Blocked by Ryan Lindgren.
0:15 of 2nd period - Shot by Anthony Duclair.
0:15 of 2nd period - Deflect By Sidney Crosby.
0:15 of 2nd period - Stopped by Linus Ullmark without a rebound.
0:16 of 2nd period - Nick Suzuki wins face-off versus Claude Giroux in NORTH DAKOTA HAWKS zone.
1:04 of 2nd period - Shot by Artemi Panarin.
1:04 of 2nd period - Goal by Artemi Panarin - SASKATOON DUCKS : 1 - NORTH DAKOTA HAWKS : 0.
1:05 of 2nd period - Sidney Crosby wins face-off versus Nazem Kadri in neutral zone.
1:16 of 2nd period - Shot by Sidney Crosby.
1:16 of 2nd period - Shot Misses the Net.
1:39 of 2nd period - Patrick Kane is hit by Ian Cole and loses puck.
1:50 of 2nd period - Shot by Jason Robertson.
1:50 of 2nd period - Goal by Jason Robertson - SASKATOON DUCKS : 1 - NORTH DAKOTA HAWKS : 1.
1:51 of 2nd period - Nic Dowd wins face-off versus Pierre-Edouard Bellemare in neutral zone.
2:18 of 2nd period - Shot by Mathieu Joseph.
2:18 of 2nd period - Shot Misses the Net.
2:20 of 2nd period - Shot by Pierre-Edouard Bellemare.
2:20 of 2nd period - Stopped by Linus Ullmark without a rebound.
2:21 of 2nd period - Claude Giroux wins face-off versus Nick Suzuki in NORTH DAKOTA HAWKS zone.
2:27 of 2nd period - Jake Sanderson is hit by Erik Johnson and loses puck.
2:44 of 2nd period - Shot by Reyley Smith.
2:44 of 2nd period - Stopped by Tristan Jarry without a rebound.
2:45 of 2nd period - Sidney Crosby wins face-off versus Nazem Kadri in SASKATOON DUCKS zone.
3:26 of 2nd period - Minor Penalty to Nazem Kadri for Holding.
3:27 of 2nd period - Claude Giroux wins face-off versus Reyley Smith in NORTH DAKOTA HAWKS zone.
3:28 of 2nd period - Shot by Bryan Rust.
3:28 of 2nd period - Deflect By Artemi Panarin.
3:28 of 2nd period - Shot Misses the Net.
3:32 of 2nd period - Shot by Roman Josi.
3:32 of 2nd period - Stopped by Linus Ullmark without a rebound.
3:33 of 2nd period - Nick Suzuki wins face-off versus Claude Giroux in NORTH DAKOTA HAWKS zone.
3:46 of 2nd period - Shot by Reyley Smith.
3:46 of 2nd period - Shot Misses the Net.
5:32 of 2nd period - Shot by Mathieu Joseph.
5:32 of 2nd period - Stopped by Linus Ullmark with a rebound.
5:46 of 2nd period - Shot by Pierre-Edouard Bellemare.
5:46 of 2nd period - Stopped by Linus Ullmark with a rebound.
5:52 of 2nd period - Shot by Kailer Yamamoto.
5:52 of 2nd period - Stopped by Linus Ullmark without a rebound.
5:53 of 2nd period - Jordan Kyrou wins face-off versus Ryan Strome in NORTH DAKOTA HAWKS zone.
6:06 of 2nd period - Jordan Kyrou is hit by Ivan Barbashev and loses puck.
6:25 of 2nd period - Marc Staal is hit by Ivan Barbashev and loses puck.
6:32 of 2nd period - Shot by Ryan Strome.
6:32 of 2nd period - Stopped by Linus Ullmark without a rebound.
6:33 of 2nd period - Claude Giroux wins face-off versus Nick Suzuki in NORTH DAKOTA HAWKS zone.
6:43 of 2nd period - Icing by Ian Cole.
6:44 of 2nd period - Nazem Kadri wins face-off versus Artemi Panarin in SASKATOON DUCKS zone.
7:17 of 2nd period - Shot by Artemi Panarin.
7:17 of 2nd period - Shot Misses the Net.
7:19 of 2nd period - Shot by Samuel Girard.
7:19 of 2nd period - Shot Misses the Net.
7:21 of 2nd period - Shot by Ian Cole.
7:21 of 2nd period - Shot Misses the Net.
7:23 of 2nd period - Shot by Ian Cole.
7:23 of 2nd period - Shot Misses the Net.
7:25 of 2nd period - Shot by Bryan Rust.
7:25 of 2nd period - Shot Misses the Net.
7:27 of 2nd period - Shot by Claude Giroux.
7:27 of 2nd period - Deflect By Bryan Rust.
7:27 of 2nd period - Shot Misses the Net.
7:59 of 2nd period - Shot by Anthony Duclair.
7:59 of 2nd period - Stopped by Linus Ullmark without a rebound.
8:00 of 2nd period - Nick Suzuki wins face-off versus Pierre-Edouard Bellemare in NORTH DAKOTA HAWKS zone.
8:09 of 2nd period - Kailer Yamamoto is hit by Jake DeBrusk and loses puck.
8:11 of 2nd period - Minor Penalty to Reyley Smith for High sticking.
8:11 of 2nd period - Minor Penalty to Ryan McDonagh for Roughing.
8:12 of 2nd period - Sidney Crosby wins face-off versus Nick Suzuki in SASKATOON DUCKS zone.
8:12 of 2nd period - Sidney Crosby is hit by Nick Suzuki.
8:24 of 2nd period - Shot by Jake Guentzel.
8:24 of 2nd period - Stopped by Linus Ullmark without a rebound.
8:25 of 2nd period - Sidney Crosby wins face-off versus Nazem Kadri in NORTH DAKOTA HAWKS zone.
8:33 of 2nd period - Shot by Sidney Crosby.
8:33 of 2nd period - Stopped by Linus Ullmark without a rebound.
8:34 of 2nd period - Nick Suzuki wins face-off versus Sidney Crosby in NORTH DAKOTA HAWKS zone.
9:41 of 2nd period - Shot by Claude Giroux.
9:41 of 2nd period - Goal by Claude Giroux - SASKATOON DUCKS : 2 - NORTH DAKOTA HAWKS : 1.
9:42 of 2nd period - Nazem Kadri wins face-off versus Claude Giroux in neutral zone.
9:53 of 2nd period - Shot by Cale Makar.
9:53 of 2nd period - Stopped by Tristan Jarry without a rebound.
9:54 of 2nd period - Nazem Kadri wins face-off versus Sidney Crosby in SASKATOON DUCKS zone.
10:17 of 2nd period - Shot by Jordan Kyrou.
10:17 of 2nd period - Shot Blocked by Samuel Girard.
10:40 of 2nd period - Shot by Bryan Rust.
10:40 of 2nd period - Stopped by Linus Ullmark with a rebound.
11:47 of 2nd period - Icing by Jake DeBrusk.
11:48 of 2nd period - Pierre-Edouard Bellemare wins face-off versus Nick Suzuki in NORTH DAKOTA HAWKS zone.
14:06 of 2nd period - Shot by Jonathan Drouin.
14:06 of 2nd period - Stopped by Linus Ullmark without a rebound.
14:07 of 2nd period - Claude Giroux wins face-off versus Nic Dowd in NORTH DAKOTA HAWKS zone.
14:14 of 2nd period - Shot by Bryan Rust.
14:14 of 2nd period - Shot Blocked by Erik Johnson.
14:37 of 2nd period - Shot by Marc Staal.
14:37 of 2nd period - Stopped by Tristan Jarry without a rebound.
14:38 of 2nd period - Sidney Crosby wins face-off versus Patrick Kane in SASKATOON DUCKS zone.
14:57 of 2nd period - Colton Parayko is hit by Jake Guentzel and loses puck.
15:22 of 2nd period - Shot by Patrick Kane.
15:22 of 2nd period - Shot Misses the Net.
15:24 of 2nd period - Shot by Nazem Kadri.
15:24 of 2nd period - Shot Misses the Net.
15:26 of 2nd period - Shot by Colton Parayko.
15:26 of 2nd period - Shot Blocked by Jake Sanderson.
15:48 of 2nd period - Shot by Claude Giroux.
15:48 of 2nd period - Shot Misses the Net.
15:58 of 2nd period - Shot by Jake DeBrusk.
15:58 of 2nd period - Shot Blocked by Claude Giroux.
16:05 of 2nd period - Off-side.
16:06 of 2nd period - Ryan Strome wins face-off versus Jack Hughes in neutral zone.
18:11 of 2nd period - Shot by Jake DeBrusk.
18:11 of 2nd period - Deflect By Nick Suzuki.
18:11 of 2nd period - Stopped by Tristan Jarry without a rebound.
18:12 of 2nd period - Nic Dowd wins face-off versus Pierre-Edouard Bellemare in SASKATOON DUCKS zone.
18:23 of 2nd period - Shot by Pierre-Edouard Bellemare.
18:23 of 2nd period - Shot Misses the Net.
18:25 of 2nd period - Shot by Ian Cole.
18:25 of 2nd period - Stopped by Linus Ullmark without a rebound.
18:26 of 2nd period - Nick Suzuki wins face-off versus Sidney Crosby in NORTH DAKOTA HAWKS zone.
18:26 of 2nd period - Nick Suzuki is hit by Anthony Duclair.
18:48 of 2nd period - Shot by Jake Guentzel.
18:48 of 2nd period - Stopped by Linus Ullmark with a rebound.
18:50 of 2nd period - Shot by Jake Guentzel.
18:50 of 2nd period - Stopped by Linus Ullmark without a rebound.
18:51 of 2nd period - Nazem Kadri wins face-off versus Claude Giroux in NORTH DAKOTA HAWKS zone.
19:14 of 2nd period - Shot by Nazem Kadri.
19:14 of 2nd period - Shot Misses the Net.
19:26 of 2nd period - Shot by Jason Robertson.
19:26 of 2nd period - Shot Hit the Post.
19:28 of 2nd period - Shot by Ryan Lindgren.
19:28 of 2nd period - Shot Misses the Net.
19:32 of 2nd period - Shot by Jason Robertson.
19:32 of 2nd period - Goal by Jason Robertson - SASKATOON DUCKS : 2 - NORTH DAKOTA HAWKS : 2.
19:33 of 2nd period - Nick Suzuki wins face-off versus Sidney Crosby in neutral zone.
19:36 of 2nd period - Kevin Shattenkirk is hit by Reyley Smith.
19:54 of 2nd period - Shot by Anthony Duclair.
19:54 of 2nd period - Stopped by Linus Ullmark without a rebound.
19:55 of 2nd period - Jack Hughes wins face-off versus Pierre-Edouard Bellemare in NORTH DAKOTA HAWKS zone.
19:55 of 2nd period - Jack Hughes is hit by Mathieu Joseph.
19:58 of 2nd period - Icing by Jordan Kyrou.
19:59 of 2nd period - Jack Hughes wins face-off versus Claude Giroux in NORTH DAKOTA HAWKS zone.
Goals for this period are 2 for SASKATOON DUCKS vs 2 for NORTH DAKOTA HAWKS.
Shots for this period are 18 for SASKATOON DUCKS vs 6 for NORTH DAKOTA HAWKS.

3rd period


0:01 of 3rd period - Sidney Crosby wins face-off versus Nick Suzuki in neutral zone.
1:17 of 3rd period - Shot by Patrick Kane.
1:17 of 3rd period - Goal by Patrick Kane - SASKATOON DUCKS : 2 - NORTH DAKOTA HAWKS : 3.
1:18 of 3rd period - Pierre-Edouard Bellemare wins face-off versus Jack Hughes in neutral zone.
1:20 of 3rd period - Off-side.
1:21 of 3rd period - Pierre-Edouard Bellemare wins face-off versus Jack Hughes in neutral zone.
1:24 of 3rd period - Shot by Kailer Yamamoto.
1:24 of 3rd period - Stopped by Linus Ullmark without a rebound.
1:25 of 3rd period - Artemi Panarin wins face-off versus Jack Hughes in NORTH DAKOTA HAWKS zone.
1:25 of 3rd period - Claude Giroux is hit by Colton Parayko and loses puck.
1:52 of 3rd period - Shot by Alex Killorn.
1:52 of 3rd period - Shot Misses the Net.
1:55 of 3rd period - Icing by Roman Josi.
1:56 of 3rd period - Claude Giroux wins face-off versus Nazem Kadri in SASKATOON DUCKS zone.
2:41 of 3rd period - Anthony Duclair is hit by Cale Makar and loses puck.
2:44 of 3rd period - Shot by Anthony Duclair.
2:44 of 3rd period - Shot Blocked by Ryan Lindgren.
2:56 of 3rd period - Shot by Anthony Duclair.
2:56 of 3rd period - Stopped by Linus Ullmark without a rebound.
2:57 of 3rd period - Pierre-Edouard Bellemare wins face-off versus Jack Hughes in NORTH DAKOTA HAWKS zone.
3:35 of 3rd period - Minor Penalty to Ian Cole for Holding.
3:36 of 3rd period - Pierre-Edouard Bellemare wins face-off versus Reyley Smith in SASKATOON DUCKS zone.
4:28 of 3rd period - Icing by Jack Hughes.
4:29 of 3rd period - Nazem Kadri wins face-off versus Pierre-Edouard Bellemare in NORTH DAKOTA HAWKS zone.
5:17 of 3rd period - Icing by Jason Robertson.
5:18 of 3rd period - Pierre-Edouard Bellemare wins face-off versus Nazem Kadri in NORTH DAKOTA HAWKS zone.
5:34 of 3rd period - Icing by Nazem Kadri.
5:35 of 3rd period - Claude Giroux wins face-off versus Nick Suzuki in NORTH DAKOTA HAWKS zone.
5:36 of 3rd period - Shot by Artemi Panarin.
5:36 of 3rd period - Shot Misses the Net.
5:46 of 3rd period - Shot by Artemi Panarin.
5:46 of 3rd period - Stopped by Linus Ullmark without a rebound.
5:47 of 3rd period - Nic Dowd wins face-off versus Sidney Crosby in NORTH DAKOTA HAWKS zone.
6:21 of 3rd period - Icing by Marc Staal.
6:22 of 3rd period - Claude Giroux wins face-off versus Nic Dowd in NORTH DAKOTA HAWKS zone.
6:28 of 3rd period - Icing by Erik Johnson.
6:29 of 3rd period - Nic Dowd wins face-off versus Claude Giroux in NORTH DAKOTA HAWKS zone.
6:44 of 3rd period - Shot by Artemi Panarin.
6:44 of 3rd period - Goal by Artemi Panarin - SASKATOON DUCKS : 3 - NORTH DAKOTA HAWKS : 3.
6:45 of 3rd period - Sidney Crosby wins face-off versus Nazem Kadri in neutral zone.
6:57 of 3rd period - Roman Josi is hit by Jason Robertson and loses puck.
7:10 of 3rd period - Jake Guentzel is hit by Ryan Lindgren.
7:13 of 3rd period - Anthony Duclair is hit by Ryan Lindgren and loses puck.
7:19 of 3rd period - Sidney Crosby is hit by Ryan Lindgren and loses puck.
7:24 of 3rd period - Shot by Roman Josi.
7:24 of 3rd period - Shot Misses the Net.
7:43 of 3rd period - Claude Giroux is hit by Cale Makar.
7:47 of 3rd period - Shot by Artemi Panarin.
7:47 of 3rd period - Stopped by Linus Ullmark without a rebound.
7:48 of 3rd period - Nick Suzuki wins face-off versus Claude Giroux in NORTH DAKOTA HAWKS zone.
7:52 of 3rd period - Off-side.
7:53 of 3rd period - Claude Giroux wins face-off versus Nick Suzuki in neutral zone.
8:20 of 3rd period - Shot by Artemi Panarin.
8:20 of 3rd period - Shot Hit the Post.
9:12 of 3rd period - Shot by Alex Killorn.
9:12 of 3rd period - Shot Misses the Net.
9:17 of 3rd period - Icing by Roman Josi.
9:18 of 3rd period - Nazem Kadri wins face-off versus Sidney Crosby in SASKATOON DUCKS zone.
9:18 of 3rd period - Patrick Kane is hit by Ryan McDonagh.
9:33 of 3rd period - Shot by Jason Robertson.
9:33 of 3rd period - Stopped by Tristan Jarry without a rebound.
9:34 of 3rd period - Nic Dowd wins face-off versus Jonathan Drouin in SASKATOON DUCKS zone.
10:03 of 3rd period - Shot by Nic Dowd.
10:03 of 3rd period - Shot Blocked by Ivan Barbashev.
10:14 of 3rd period - Off-side.
10:15 of 3rd period - Nazem Kadri wins face-off versus Sidney Crosby in neutral zone.
10:43 of 3rd period - Shot by Jake Guentzel.
10:43 of 3rd period - Stopped by Linus Ullmark without a rebound.
10:44 of 3rd period - Jack Hughes wins face-off versus Claude Giroux in NORTH DAKOTA HAWKS zone.
10:57 of 3rd period - Shot by Claude Giroux.
10:57 of 3rd period - Stopped by Linus Ullmark without a rebound.
10:58 of 3rd period - Nick Suzuki wins face-off versus Pierre-Edouard Bellemare in NORTH DAKOTA HAWKS zone.
11:26 of 3rd period - Icing by Kailer Yamamoto.
11:27 of 3rd period - Pierre-Edouard Bellemare wins face-off versus Jack Hughes in SASKATOON DUCKS zone.
12:41 of 3rd period - Icing by Ryan Lindgren.
12:42 of 3rd period - Nazem Kadri wins face-off versus Claude Giroux in NORTH DAKOTA HAWKS zone.
12:46 of 3rd period - Off-side.
12:47 of 3rd period - Nazem Kadri wins face-off versus Claude Giroux in neutral zone.
12:52 of 3rd period - Shot by Jason Robertson.
12:52 of 3rd period - Deflect By Patrick Kane.
12:52 of 3rd period - Shot Misses the Net.
13:26 of 3rd period - Shot by Jason Robertson.
13:26 of 3rd period - Shot Misses the Net.
14:02 of 3rd period - Icing by Marc Staal.
14:03 of 3rd period - Nick Suzuki wins face-off versus Ryan Strome in NORTH DAKOTA HAWKS zone.
14:44 of 3rd period - Shot by Jonathan Drouin.
14:44 of 3rd period - Stopped by Linus Ullmark without a rebound.
14:45 of 3rd period - Jack Hughes wins face-off versus Anthony Duclair in NORTH DAKOTA HAWKS zone.
15:02 of 3rd period - Shot by Jordan Kyrou.
15:02 of 3rd period - Stopped by Tristan Jarry without a rebound.
15:03 of 3rd period - Claude Giroux wins face-off versus Nazem Kadri in SASKATOON DUCKS zone.
15:03 of 3rd period - Claude Giroux is hit by Nazem Kadri.
15:13 of 3rd period - Shot by Patrick Kane.
15:13 of 3rd period - Stopped by Tristan Jarry without a rebound.
15:14 of 3rd period - Sidney Crosby wins face-off versus Jack Hughes in SASKATOON DUCKS zone.
15:29 of 3rd period - Shot by Jack Hughes.
15:29 of 3rd period - Stopped by Tristan Jarry without a rebound.
15:30 of 3rd period - Claude Giroux wins face-off versus Nick Suzuki in SASKATOON DUCKS zone.
15:35 of 3rd period - Shot by Bryan Rust.
15:35 of 3rd period - Stopped by Linus Ullmark without a rebound.
15:36 of 3rd period - Artemi Panarin wins face-off versus Nazem Kadri in NORTH DAKOTA HAWKS zone.
16:06 of 3rd period - Shot by Nazem Kadri.
16:06 of 3rd period - Stopped by Tristan Jarry without a rebound.
16:07 of 3rd period - Sidney Crosby wins face-off versus Nick Suzuki in SASKATOON DUCKS zone.
16:26 of 3rd period - Shot by Reyley Smith.
16:26 of 3rd period - Stopped by Tristan Jarry without a rebound.
16:27 of 3rd period - Claude Giroux wins face-off versus Jack Hughes in SASKATOON DUCKS zone.
16:34 of 3rd period - Shot by Bryan Rust.
16:34 of 3rd period - Stopped by Linus Ullmark without a rebound.
16:35 of 3rd period - Claude Giroux wins face-off versus Jack Hughes in NORTH DAKOTA HAWKS zone.
16:40 of 3rd period - Shot by Artemi Panarin.
16:40 of 3rd period - Shot Hit the Post.
16:42 of 3rd period - Shot by Artemi Panarin.
16:42 of 3rd period - Deflect By Bryan Rust.
16:42 of 3rd period - Shot Misses the Net.
17:20 of 3rd period - Shot by Artemi Panarin.
17:20 of 3rd period - Stopped by Linus Ullmark with a rebound.
17:57 of 3rd period - Shot by Jake Guentzel.
17:57 of 3rd period - Deflect By Sidney Crosby.
17:57 of 3rd period - Stopped by Linus Ullmark without a rebound.
17:58 of 3rd period - Nick Suzuki wins face-off versus Ryan Strome in NORTH DAKOTA HAWKS zone.
18:20 of 3rd period - Ian Cole is hit by Nick Suzuki.
18:23 of 3rd period - Off-side.
18:24 of 3rd period - Sidney Crosby wins face-off versus Nazem Kadri in neutral zone.
18:45 of 3rd period - Shot by Sidney Crosby.
18:45 of 3rd period - Stopped by Linus Ullmark without a rebound.
18:46 of 3rd period - Jake DeBrusk wins face-off versus Pierre-Edouard Bellemare in NORTH DAKOTA HAWKS zone.
18:46 of 3rd period - Jake DeBrusk is hit by Kailer Yamamoto.
Goals for this period are 1 for SASKATOON DUCKS vs 1 for NORTH DAKOTA HAWKS.
Shots for this period are 13 for SASKATOON DUCKS vs 7 for NORTH DAKOTA HAWKS.

Overtime #1


0:01 of 1st overtime period - Sidney Crosby wins face-off versus Nazem Kadri in neutral zone.
0:12 of 1st overtime period - Shot by Cale Makar.
0:12 of 1st overtime period - Stopped by Tristan Jarry with a rebound.
1:08 of 1st overtime period - Icing by Jake Sanderson.
1:09 of 1st overtime period - Jack Hughes wins face-off versus Claude Giroux in SASKATOON DUCKS zone.
2:25 of 1st overtime period - Shot by Ryan Strome.
2:25 of 1st overtime period - Stopped by Linus Ullmark without a rebound.
2:26 of 1st overtime period - Nazem Kadri wins face-off versus Sidney Crosby in NORTH DAKOTA HAWKS zone.
2:45 of 1st overtime period - Shot by Nazem Kadri.
2:45 of 1st overtime period - Shot Misses the Net.
3:08 of 1st overtime period - Shot by Nazem Kadri.
3:08 of 1st overtime period - Stopped by Tristan Jarry without a rebound.
3:09 of 1st overtime period - Nick Suzuki wins face-off versus Claude Giroux in SASKATOON DUCKS zone.
3:19 of 1st overtime period - Jake DeBrusk is hit by Kevin Shattenkirk and loses puck.
3:43 of 1st overtime period - Shot by Claude Giroux.
3:43 of 1st overtime period - Stopped by Linus Ullmark without a rebound.
3:44 of 1st overtime period - Jack Hughes wins face-off versus Pierre-Edouard Bellemare in NORTH DAKOTA HAWKS zone.
4:44 of 1st overtime period - Off-side.
4:45 of 1st overtime period - Sidney Crosby wins face-off versus Nazem Kadri in neutral zone.
4:52 of 1st overtime period - Shot by Sidney Crosby.
4:52 of 1st overtime period - Shot Misses the Net.
5:20 of 1st overtime period - Shot by Patrick Kane.
5:20 of 1st overtime period - Stopped by Tristan Jarry without a rebound.
5:21 of 1st overtime period - Claude Giroux wins face-off versus Nick Suzuki in SASKATOON DUCKS zone.
5:21 of 1st overtime period - Claude Giroux is hit by Nick Suzuki.
5:44 of 1st overtime period - Minor Penalty to Erik Johnson for Holding.
5:45 of 1st overtime period - Nick Suzuki wins face-off versus Anthony Duclair in NORTH DAKOTA HAWKS zone.
5:45 of 1st overtime period - Nick Suzuki is hit by Anthony Duclair.
6:50 of 1st overtime period - Shot by Artemi Panarin.
6:50 of 1st overtime period - Shot Blocked by Colton Parayko.
6:52 of 1st overtime period - Shot by Bryan Rust.
6:52 of 1st overtime period - Goal by Bryan Rust - SASKATOON DUCKS : 4 - NORTH DAKOTA HAWKS : 3.
Goals for this period are 1 for SASKATOON DUCKS vs 0 for NORTH DAKOTA HAWKS.
Shots for this period are 3 for SASKATOON DUCKS vs 3 for NORTH DAKOTA HAWKS.


SCOTT
LAUGHTON
IGOR
SHESTERKIN
ALEX
TUCH

EAST COAST

HOCKEY LEAGUE

  • 9.CHI2QUE6
  • 10.LIM2CHA3
  • 11.LON6TRV4
  • 12.BAL3CHW2
  • 13.MANPIT
  • 14.NHWATL
  • 15.PETWOR
  • 16.RHI